 Dungeon Crawl Stone Soup version 0.29.1-15-g9cfb28693d (webtiles) character file.

Game seed: 10369578860146452217

221 Cheops the Slasher (level 5, -3/38 HPs)
             Began as a Demonspawn Gladiator on Apr 9, 2023.
             Slain by a kobold brigand
             ... wielding a +0 club
              (6 damage)
             ... on level 3 of the Dungeon.
             The game lasted 00:05:40 (2717 turns).

Cheops the Slasher (Demonspawn Gladiator)           Turns: 2717, Time: 00:05:41

Health: -3/38      AC: 15    Str: 14    XL:     5   Next: 65%
Magic:  5/5        EV: 10    Int:  9    God:
Gold:   145        SH:  0    Dex: 19    Spells: 4/4 levels left

rFire   + . .      SeeInvis .   a - +0 long sword
rCold   . . .      Faith    .   (no shield)
rNeg    . . .      Spirit   .   f - +1 scale mail {rF+}
rPois   .          Reflect  .   c - +0 helmet
rElec   .          Harm     .   p - +0 cloak
rCorr   .          Rampage  .   (no gloves)
Will    .....                   (no boots)
Stlth   +.........              (no amulet)
HPRegen 0.12/turn               (no ring)
MPRegen 0.09/turn               (no ring)

@: lethally poisoned (-3 -> -14), sanguine armoured, attractive
A: powered by death 2, sanguine armour 1, thin skeletal structure 1, wild magic
1
a: no special abilities


You were on level 3 of the Dungeon.
You visited 1 branch of the dungeon, and saw 3 of its levels.

You collected 145 gold pieces.

Inventory:

Hand Weapons
 a - a +0 long sword (weapon)
Missiles
 d - 3 throwing nets (quivered)
 e - a javelin
Armour
 b - a +0 leather armour
 c - a +0 helmet (worn)
 f - a +1 scale mail of fire resistance (worn)
 p - a +0 cloak (worn)
Jewellery
 i - a ring of ice
 q - a ring of wizardry
Scrolls
 g - 5 scrolls of identify {unknown}
 h - 2 scrolls of teleportation {unknown}
 j - a scroll of amnesia {unknown}
 k - a scroll of enchant weapon {unknown}
 l - a scroll of poison {unknown}
 m - a scroll of magic mapping {unknown}
 r - a scroll of torment {unknown}
Potions
 n - 4 potions of degeneration {unknown}
 o - a potion of attraction


   Skills:
 - Level 2.0 Fighting
 + Level 5.9 Long Blades
 - Level 1.7 Throwing
 - Level 2.6 Dodging


You had 4 spell levels left.
You didn't know any spells.
Your spell library contained the following spells:

 Spells                   Type           Power      Damage    Failure   Level
 Tukima's Dance           Hex            0%         N/A       100%        3
 Passage of Golubria      Tloc           0%         N/A       100%        4
 Yara's Violent Unravell  Hex/Tmut       0%         3d3       100%        5


Dungeon Overview and Level Annotations

Branches:
Dungeon (3/15)

Altars:
Hepliaklqana

Shops:
D:2 [


Innate Abilities, Weirdness & Mutations

You regenerate health from kills.
When seriously injured, your blood forms armour. (AC +6)
You have a somewhat thin skeletal structure. (Dex +2, Stealth+)
Your spells are a little harder to cast, but a little more powerful.


Message History

The kobold brigand hits you but does no damage.
You hit the kobold brigand.
The kobold brigand is almost dead.
The kobold brigand barely misses you.
The kobold brigand hits you with a +2 dagger of venom.
* * * LOW HITPOINT WARNING * * *
The kobold brigand hits you but does no damage.
You hit the kobold brigand but do no damage.
The kobold brigand barely misses you.
The kobold brigand hits you but does no damage.
You hit the kobold brigand.
The kobold brigand is almost dead.
The kobold brigand hits you with a +2 dagger of venom.
* * * LOW HITPOINT WARNING * * *
The kobold brigand hits you with a +0 club.
* * * LOW HITPOINT WARNING * * *
You miss the kobold brigand.
The kobold brigand is almost dead.
The kobold brigand barely misses you.
The kobold brigand hits you but does no damage.
You are poisoned.
You closely miss the kobold brigand.
The kobold brigand is almost dead.
You feel sick.
The kobold brigand hits you but does no damage.
The kobold brigand hits you with a +0 club!
* * * LOW HITPOINT WARNING * * *
You hit the kobold brigand but do no damage.
The kobold brigand is almost dead.
You feel sick.
The kobold brigand hits you with a +2 dagger of venom.
* * * LOW HITPOINT WARNING * * *
You are lethally poisoned!
The kobold brigand hits you but does no damage.
It was a potion of attraction.
You feel attractive to monsters.
* * * LOW HITPOINT WARNING * * *
You feel very sick.
The kobold brigand hits you with a +0 club.
You die...

####### #......
#...... #......
#.###'# ####### ##.#
#.#
###)K...#######..#
#.#
#...K@..))......##
#.#
......#####.)...####
#.# ....#
#≈≈≈####### #.. ###
~~≈≈~~~ ###
~~~~~~~~# ####~~~###
#####


You could see 2 kobold brigands.

Vanquished Creatures
  Terence (D:2)
  Robin (D:2)
  4 adders
  3 gnolls (D:3)
  4 worms
  3 dart slugs
  3 ball pythons
  9 endoplasms
  2 giant cockroaches (D:1)
  12 goblins
  15 hobgoblins
  2 jackals
  12 kobolds
  6 quokkas
  8 bats
  A frilled lizard (D:3)
  10 rats
96 creatures vanquished.

Vanquished Creatures (others)
  A plant (D:3)
1 creature vanquished.

Grand Total: 97 creatures vanquished

Notes
Turn   | Place    | Note
-------+----------+-------------------------------------------
     0 | D:1      | Cheops the Demonspawn Gladiator began the quest for the
                  | Orb.
     0 | D:1      | Reached XP level 1. HP: 16/16 MP: 1/1
    33 | D:1      | Reached skill level 3 in Long Blades
   212 | D:1      | Gained mutation: You regenerate a little health from kills.
                  | [demonic ancestry]
   212 | D:1      | Reached XP level 2. HP: 22/22 MP: 2/2
  1052 | D:2      | Reached skill level 4 in Long Blades
  1052 | D:2      | Gained mutation: You regenerate health from kills. [demonic
                  | ancestry]
  1052 | D:2      | Reached XP level 3. HP: 26/27 MP: 3/3
  1302 | D:2      | Found Hiestuv's Antique Armour Shoppe.
  1492 | D:2      | Noticed Terence
  1497 | D:2      | Gained mutation: You have a somewhat thin skeletal
                  | structure. (Dex +2, Stealth+) [potion of mutation]
  1497 | D:2      | Gained mutation: Your spells are a little harder to cast,
                  | but a little more powerful. [potion of mutation]
  1503 | D:2      | Killed Terence
  1504 | D:2      | Reached XP level 4. HP: 13/33 MP: 4/4
  1560 | D:2      | Noticed Robin
  1681 | D:2      | Reached skill level 5 in Long Blades
  1867 | D:2      | Killed Robin
  1868 | D:2      | Gained mutation: When seriously injured, your blood forms
                  | armour. (AC +6) [demonic ancestry]
  1868 | D:2      | Reached XP level 5. HP: 38/38 MP: 5/5
  2472 | D:3      | Found a hazy altar of Hepliaklqana.
  2717 | D:3      | Slain by a kobold brigand

Illustrated notes

Levels and vault maps discovered:
D:1:      amcnicky_arrival_double_pillar, layout_basic, minmay_heptomino_l4
D:2:      layout_loops_ring, serial_shops, nicolae_shop_stone,
          chequers_serial_rivers_room_b, minmay_joined_circles, uniq_robin,
          uniq_terence
D:3:      cheibrodos_thug_alley, layout_basic, nicolae_hepliaklqana_hazy_memory,
          hellmonk_ecumenical_altar_run_dry, minmay_diced_spiral

Skill      XL: |  1  2  3  4 |
---------------+-------------+-----
Long Blades    | 3 4 5 |  5.9
Fighting       | |  2.0
Throwing       | |  1.7
Dodging        | |  2.6

Action                   |  1- 3 |  4- 6 || total
-------------------------+-------+-------++-------
Melee: Long sword        |    94 |   175 ||   269
       Punch             |     2 |     1 ||     3
  Use: Potion            |     2 |     1 ||     3
 Stab: Sleeping          |     1 |       ||     1
Armor: Leather armour    |    28 |       ||    28
       Scale mail        |       |    88 ||    88
Dodge: Dodged            |    65 |    68 ||   133
